 Dungeon Crawl Stone Soup version 0.30-a0-365-ge7f957f1db (webtiles) character file.

Game seed: 17075458376968849838

4092 IdlyInterested the Slicer (level 10, -9/99 HPs)
             Began as a Demonspawn Wanderer on Nov 17, 2022.
             Mangled by a vault guard
             ... wielding a +0 broad axe
              (12 damage)
             ... in a bailey.
             The game lasted 00:29:36 (7743 turns).

IdlyInterested the Slicer (Demonspawn Wanderer)     Turns: 7743, Time: 00:29:36

Health: -9/99      AC:  8    Str:  8    XL:     10   Next: 5%
Magic:  13/13      EV: 12    Int: 16    God:
Gold:   360        SH:  0    Dex: 21    Spells: 10/13 levels left

rFire   . . .      SeeInvis .    c - +6 quick blade (venom)
rCold   . . .      Faith    .    (no shield)
rNeg    . . .      Spirit   .    h - +0 leather armour
rPois   .          Reflect  .    o - +0 helmet
rElec   .          Harm     .    (no cloak)
rCorr   .          Rampage  .    I - +2 pair of gloves
Will    +....                    (no boots)
Stlth   ..........               (no amulet)
HPRegen 0.36/turn                (no ring)
MPRegen 0.13/turn                (no ring)

@: berserking, very quick
A: spiny 1, sharp scales 1, demonic magic 3, weakness stinger 1, agile 1, frail
1, strong-willed 1, MP-powered wands
a: no special abilities


You were in a bailey.
You visited 2 branches of the dungeon, and saw 8 of its levels.
You also visited: Sewer and Bailey.

You collected 360 gold pieces.

Inventory:

Hand Weapons
 c - a +6 quick blade of venom (weapon)
 q - a +0 rapier
 r - a +0 great sword
 u - a +0 falchion
 E - a +0 dagger of draining
 F - a +2 short sword of distortion
 L - the +3 flail "Epuotz" {flame, rCorr SInv}
   (You found it on level 5 of the Dungeon)

   It burns those it strikes, dealing additional fire damage.
   SInv:      It lets you see invisible.
   rCorr:     It protects you from acid and corrosion.
 O - a +4 dagger
 P - a +5 long sword
Missiles
 e - 8 boomerangs
 j - 14 poisoned darts
 n - 16 stones (quivered)
 v - 2 throwing nets
 G - 5 curare-tipped darts
Armour
 d - a +0 robe
 f - a +0 chain mail
 g - a +0 plate armour
 h - a +0 leather armour (worn)
 i - a +0 ring mail
 o - a +0 helmet (worn)
 D - a +0 scale mail
 I - a +2 pair of gloves (worn)
Magical Staves
 p - a staff of earth
Wands
 k - a wand of flame (48)
 K - a wand of charming (4)
 Q - a wand of digging (5)
Scrolls
 a - a scroll of vulnerability {unknown}
 b - 4 scrolls of butterflies
 t - a scroll of enchant armour {unknown}
 w - a scroll of fear {unknown}
 x - a scroll of brand weapon
 y - 2 scrolls of teleportation
 A - a scroll of blinking
 M - a scroll of torment {unknown}
 N - 3 scrolls of identify
Potions
 s - a potion of brilliance
 z - 2 potions of resistance
 B - a potion of flight


   Skills:
 - Level 5.5 Fighting
 * Level 11.2 Short Blades
 - Level 2.6 Ranged Weapons
 - Level 2.0 Throwing
 - Level 2.0 Armour
 - Level 2.0 Dodging
 * Level 4.1 Stealth
 - Level 2.0 Spellcasting
 * Level 2.3 Hexes
 - Level 1.2 Invocations
 - Level 2.0 Evocations


You had 10 spell levels left.
You knew the following spells:

 Your Spells              Type           Power      Damage    Failure   Level
a - Confusing Touch       Hex            8%         N/A       34%         3

Your spell library contained the following spells:

 Spells                   Type           Power      Damage    Failure   Level
 Kiss of Death            Conj/Necr      4%         2d5       28%         1
 Ensorcelled Hibernation  Hex/Ice        10%        N/A       28%         2
 Passwall                 Tmut/Erth      0%         N/A       41%         2
 Stone Arrow              Conj/Erth      2%         3d7       65%         3
 Swiftness                Air            1%         N/A       65%         3
 Animate Armour           Summ/Erth      2%         N/A       96%         4
 Dispel Undead            Necr           1%         3d6       96%         4
 Lehudib's Crystal Spear  Conj/Erth      0%         10d2      100%        8


Dungeon Overview and Level Annotations

Branches:
Dungeon (7/15)             Temple (1/1) D:6           Sewer (visited)
 Bailey (1/1)

Altars:
Cheibriados
Fedhas
Gozag
Hepliaklqana
Kikubaaqudgha
Makhleb
Nemelex Xobeh
Okawaru
Trog
Uskayaw
Vehumet
Wu Jian
Xom
Yredelemnul


Innate Abilities, Weirdness & Mutations

You are partially covered in sharp spines.
You are partially covered in razor-sharp scales. (AC +1, Slay +1)
Spells you cast and wands you use may paralyse nearby enemies.
You have a small tail.
You are agile. (Dex +4, Str/Int -1)
You are frail. (-10% HP)
You are strong-willed. (Will+)
You expend magic power (3 MP) to strengthen your wands.


Message History

Okay, then.
It was a potion of mutation.
You feel extremely strange.
You feel agile.
You feel frail.
You feel strong-willed.
You feel your magical essence link to the dungeon's wands.
The vault guard hits you but does no damage.
It was a potion of cancellation.
Your magical effects are unravelling.
You feel magically purged.
You feel less wooden.
Your +0 helmet unmelds from your body.
Your +2 pair of gloves unmelds from your body.
Your +0 leather armour unmelds from your body.
You flicker back into view.
Your resistance to elements expires.
The vault guard hits you with a +0 broad axe!
* * * LOW HITPOINT WARNING * * *
Okay, then.
It was a potion of berserk rage.
A red film seems to cover your vision as you go berserk!
You feel yourself moving faster!
You feel mighty!
The vault guard is struck by your spines.
The vault guard hits you with a +0 broad axe!
* * * LOW HITPOINT WARNING * * *
You puncture the vault guard!
The vault guard looks as sick as possible!
You tail-slap the vault guard.
The vault guard is heavily wounded.
You hit the vault guard but do no damage.
The vault guard looks as sick as possible!
The vault guard is heavily wounded.
You barely miss the vault guard.
The vault guard is heavily wounded.
You hit the vault guard.
The vault guard looks as sick as possible!
The vault guard is heavily wounded.
You hit the vault guard.
The vault guard looks as sick as possible!
The vault guard is heavily wounded.
The vault guard is struck by your spines.
The vault guard hits you with a +0 broad axe!
You die...

≈ ~≈# #########
.~≈≈####≈≈#....##
..~~≈≈≈≈~~#.....##
....~p††..'..#...#
......)...#p.#...#
.~...~†≈≈≈#@.##..#
.....~≈#######...#
~~~~~~≈
#.......#####
~~~~~~~
#.....)##...##
~~~~~≈≈
#+#...))..∩..#
≈≈≈≈≈##
######)....# #####
+..∩..# ##...##
#####


You could see a vault guard (extremely poisoned).

Vanquished Creatures
  Prince Ribbit (Bailey)
  5 humans (Bailey)
  Edmund (D:4)
  A water moccasin (D:6)
  A black bear (D:4)
  2 orc warriors (D:6)
  A sky beast (D:7)
  A centaur (D:7)
  An ogre (D:5)
  2 phantoms
  A kobold brigand (D:3)
  11 bullfrogs
  The ghost of erofeev the Firebug, an amateur DEFE (D:3)
  2 necrophages
  2 scorpions
  5 wights (D:7)
  A howler monkey (D:5)
  A hound (D:5)
  4 jellies
  2 orc priests
  5 orc wizards (D:6)
  3 iguanas
  Robin (D:2)
  11 adders
  8 gnolls
  5 river rats
  A shadow imp (D:5)
  A white imp (D:7)
  An ufetubus (D:5)
  A worm (D:4)
  4 dart slugs
  29 orcs
  5 endoplasms
  A giant cockroach (D:1)
  21 goblins
  6 hobgoblins
  6 jackals
  8 quokkas
  14 ball pythons
  5 bats
  4 frilled lizards
  7 kobolds
  26 rats
219 creatures vanquished.

Vanquished Creatures (others)
  A human (Bailey)
  A fungus (D:3)
  3 plants (D:3)
5 creatures vanquished.

Grand Total: 224 creatures vanquished

Notes
Turn   | Place    | Note
-------+----------+-------------------------------------------
     0 | D:1      | IdlyInterested the Demonspawn Wanderer began the quest for
                  | the Orb.
     0 | D:1      | IdlyInterested set off with the following items: a +3
                  | sling, a scroll of butterflies, a potion of heal wounds, a
                  | +0 robe.
     0 | D:1      | Reached XP level 1. HP: 21/21 MP: 1/1
   216 | D:1      | Gained mutation: Spells you cast may paralyse adjacent
                  | enemies. [demonic ancestry]
   216 | D:1      | Reached XP level 2. HP: 27/27 MP: 2/2
   804 | D:2      | Noticed a phantom
   822 | D:2      | Killed a phantom
   823 | D:2      | Reached skill level 2 in Short Blades
   823 | D:2      | Reached XP level 3. HP: 29/33 MP: 3/3
   823 | D:2      | Gained mutation: You have a small tail. [demonic ancestry]
   823 | D:2      | Reached XP level 4. HP: 34/39 MP: 4/4
  1058 | D:2      | Noticed Robin
  1087 | D:2      | Killed Robin
  1245 | D:2      | Gained mutation: You are partially covered in sharp spines.
                  | [demonic ancestry]
  1245 | D:2      | Reached XP level 5. HP: 31/44 MP: 5/5
  1743 | D:3      | Identified a scroll of acquirement
  1743 | D:3      | Acquired a +6 quick blade of flaming
  1829 | D:3      | Found a glowing drain.
  1837 | Sewer    | Entered a sewer
  1857 | Sewer    | Reached skill level 3 in Short Blades
  2021 | Sewer    | Reached XP level 6. HP: 47/51 MP: 6/6
  2078 | Sewer    | Reached skill level 1 in Armour
  2082 | Sewer    | Reached skill level 4 in Short Blades
  2536 | D:3      | Found a runed translucent gate.
  2536 | D:3      | Found a runed translucent gate.
  2536 | D:3      | Found a runed translucent gate.
  2555 | D:3      | Noticed erofeev's ghost (amateur DEFE)
  3437 | D:3      | Gained mutation: Spells you cast may paralyse nearby
                  | enemies. [demonic ancestry]
  3437 | D:3      | Reached XP level 7. HP: 35/56 MP: 7/7
  3449 | D:3      | Killed erofeev's ghost
  3450 | D:3      | Reached skill level 1 in Dodging
  3950 | D:4      | Reached skill level 5 in Short Blades
  4032 | D:4      | Noticed Edmund
  4068 | D:4      | Killed Edmund
  4436 | D:4      | Reached skill level 6 in Short Blades
  4890 | D:5      | Entered Level 5 of the Dungeon
  4893 | D:5      | Gained mutation: Spells you cast and wands you use may
                  | paralyse nearby enemies. [demonic ancestry]
  4893 | D:5      | Reached XP level 8. HP: 63/63 MP: 8/8
  4996 | D:5      | Reached skill level 1 in Evocations
  5280 | D:5      | Identified the +3 flail "Epuotz" {flame, rCorr SInv}
  5303 | D:5      | Reached skill level 7 in Short Blades
  5942 | D:6      | Reached skill level 8 in Short Blades
  6128 | D:6      | Found a staircase to the Ecumenical Temple.
  6151 | D:6      | Reached skill level 1 in Throwing
  6158 | Temple   | Entered the Ecumenical Temple
  7144 | D:7      | Gained mutation: You are partially covered in razor-sharp
                  | scales. (AC +1, Slay +1) [demonic ancestry]
  7144 | D:7      | Reached XP level 9. HP: 68/68 MP: 9/9
  7154 | D:7      | Reached skill level 9 in Short Blades
  7210 | D:7      | Found a radiant altar of Vehumet.
  7292 | D:7      | Found a flagged portal.
  7323 | Bailey   | Entered a bailey
  7353 | Bailey   | Learned a level 3 spell: Confusing Touch
  7372 | Bailey   | Reached skill level 10 in Short Blades
  7394 | Bailey   | Reached skill level 1 in Spellcasting
  7416 | Bailey   | Reached skill level 1 in Hexes
  7687 | Bailey   | Reached skill level 11 in Short Blades
  7687 | Bailey   | Noticed Prince Ribbit
  7710 | Bailey   | Noticed a vault guard
  7714 | Bailey   | Reached XP level 10. HP: 23/74 MP: 13/13
  7714 | Bailey   | Killed Prince Ribbit
  7736 | Bailey   | Gained mutation: You are agile. (Dex +4, Str/Int -1)
                  | [potion of mutation]
  7736 | Bailey   | Gained mutation: You are frail. (-10% HP) [potion of
                  | mutation]
  7736 | Bailey   | Gained mutation: You are strong-willed. (Will+) [potion of
                  | mutation]
  7736 | Bailey   | Gained mutation: You expend magic power (3 MP) to
                  | strengthen your wands. [potion of mutation]
  7738 | Bailey   | HP: 3/99 [vault guard/+0 broad axe (8)]
  7743 | Bailey   | Mangled by a vault guard

Illustrated notes

Levels and vault maps discovered:
D:1:      minmay_arrival_open_corners, layout_basic, minmay_pentomino_o4
D:2:      layout_basic, uniq_robin
D:3:      layout_loops_ring, gup_sewer_entry_bubbles,
          gammafunk_ghost_nasty_kobolds, chequers_big_river
D:4:      layout_basic, grunt_ministairs_6, uniq_edmund
D:5:      nicolae_BIG_FREAKIN_CUBE, layout_cave_pools
D:6:      layout_basic, temple_statues
D:7:      layout_rooms, nicolae_overflow_crystal_walls, enter_bailey_5,
          uniq_duvessa, uniq_menkaure
Temple:   compressed_dpeg_triangle_lava_temple
Bailey:   bailey_axe_froggy_fort_hellmonk, bailey

Skill      XL: |  1  2  3  4  5  6  7  8  9 |
---------------+----------------------------+-----
Short Blades   | 2 3 4 6 8 11 | 11.2
Stealth        | 2 3 4 |  4.1
Armour         | 2 |  2.0
Dodging        | 2 |  2.0
Evocations     | 2 |  2.0
Throwing       | 1 2 |  2.0
Spellcasting   | 2 |  2.0
Hexes          | 2 |  2.3
Fighting       | |  5.5
Ranged Weapons | |  2.6
Invocations    | |  1.2

Action                   |  1- 3 |  4- 6 |  7- 9 | 10-12 || total
-------------------------+-------+-------+-------+-------++-------
Melee: Quick blade       |       |   137 |   371 |    13 ||   521
       Tailslap          |       |    14 |    55 |     1 ||    70
       Punch             |       |       |     2 |       ||     2
       Flail             |       |       |    14 |       ||    14
 Fire: Sling             |    50 |    48 |       |       ||    98
Throw: Dart              |       |     2 |       |       ||     2
       Stone             |       |       |    28 |       ||    28
Evoke: Wand              |       |       |     5 |     3 ||     8
  Use: Scroll            |     2 |     4 |     2 |       ||     8
       Potion            |     1 |     4 |     8 |     7 ||    20
 Stab: Sleeping          |       |     6 |     5 |       ||    11
       Paralysed         |       |       |     1 |       ||     1
Armor: Ring mail         |     8 |    48 |    64 |       ||   120
       Leather armour    |       |       |     7 |       ||     7
       Skin              |       |       |       |     3 ||     3
Dodge: Dodged            |    10 |    60 |    68 |     1 ||   139

Table legend: (Time is in decaauts)
 A = Elapsed time spent in this place.
 B = Non-inter-level travel time spent in this place.
 C = Inter-level travel time spent in this place.
 D = Time resting spent in this place.
 E = Time spent auto-exploring this place.
 F = Levels seen in this place.
 G = Mean time per level.
                   A        B        C        D        E       F      G
               +--------+--------+--------+--------+--------+-----+--------+
         Total |   7497 |   6413 |   1084 |    840 |   3984 |  10 |  749.7 |
       Dungeon |   6348 |   5264 |   1084 |    485 |   3548 |   7 |  906.9 |
        Temple |    368 |    368 |      0 |      0 |    355 |   1 |  368.0 |
         Sewer |    434 |    434 |      0 |    168 |     71 |   1 |  434.0 |
        Bailey |    345 |    345 |      0 |    187 |     10 |   1 |  345.0 |
               +--------+--------+--------+--------+--------+-----+--------+

Top non-repeatable levels by time:
     D:3: 1598 daAuts
     D:4: 1108 daAuts
     D:2: 1105 daAuts
     D:6: 1038 daAuts
     D:1: 759 daAuts
     D:5: 602 daAuts
   Sewer: 434 daAuts
  Temple: 368 daAuts
  Bailey: 345 daAuts
     D:7: 135 daAuts
